Map: Prion Terraces

Players

Petraeus - Winner!

  • Race: Zerg Zerg
  • League: Grandmaster

PiG

  • Race: Zerg Zerg
  • League: Grandmaster

Event: 2016 WCS Winter Challenger Oceania SEA

VOD

Have the link to the VOD?

Description

Time

  • Played on: Feb. 13, 2016, 11 p.m.
  • Length: 6:49

All games in this series

Show
View Real Time Build Order
Export as new Build Order

Petraeus Zerg - Winner!

Build Orders: Hatch First, Zergling Baneling 

Get SALT Encoding   

  12  0:00  Drone  
  13  0:08  Drone  
  14  0:16  Overlord  
  14  0:22  Drone, Extractor  
  15  0:35  Drone x2  
  17  0:51  Hatchery  
  17  0:54  Drone  
  17  0:58  Drone  
  17  1:04  Extractor  
  17  1:13  Spawning Pool  
  17  1:16  Drone  
  17  1:19  Drone  
  18  1:27  Drone  
  19  1:37  Overlord  
  19  1:50  Drone  
  20  2:00  Queen  
  22  2:03  Zergling x2  
  22  2:04  Queen  
  25  2:08  Metabolic Boost  
  25  2:12  Zergling x2  
  25  2:14  Drone  
  27  2:19  Drone  
  28  2:24  Drone  
  28  2:27  Baneling Nest, Drone  
  29  2:41  Zergling x2  
  29  2:42  Drone  
  31  2:50  Hatchery, Zergling x2  
  31  2:52  Drone  
  31  2:57  Overlord  
  32  3:01  Zergling x2  
  33  3:10  Baneling  
  33  3:11  Baneling  
  33  3:12  Drone x3  
  36  3:18  Drone, Roach Warren  
  36  3:22  Zergling x4  
  36  3:23  Zergling x2  
  39  3:27  Drone x2  
  39  3:32  Overlord  
  38  3:42  Zergling x8  
  38  3:44  Overlord  
  38  3:46  Zergling x2  
  43  3:50  Baneling  
  43  3:54  Zergling x2  
  43  3:55  Zergling x4  
  46  3:57  Overlord  
  46  4:00  Roach  
  46  4:01  Baneling  
  46  4:02  Baneling x3  
  47  4:03  Roach  
  47  4:05  Baneling  
  47  4:07  Roach  
  47  4:09  Zergling x2  
  51  4:16  Queen  
  52  4:21  Zergling x4, Roach  
  52  4:22  Zergling x2  
  56  4:24  Zergling x2  
  56  4:25  Zergling x2  
  56  4:29  Roach  
  56  4:37  Zergling x4, Roach  
  60  4:42  Queen  
  60  4:47  Zergling x4  
  60  4:48  Zergling x2  
  60  4:49  Zergling x2  
  60  4:50  Zergling x4  
  64  4:54  Overlord  
  61  5:00  Zergling x2  
  61  5:02  Baneling x2  
  61  5:06  Drone x2  
  64  5:07  Extractor  
  64  5:12  Baneling  
  63  5:15  Overlord  
  63  5:16  Zergling x4  
  63  5:17  Zergling x2  
  63  5:18  Zergling x6  
  63  5:19  Drone  
  70  5:23  Drone  
  70  5:27  Drone  
  62  5:43  Zergling x14  
  65  5:50  Zergling x4  
  65  5:51  Queen  
  65  5:56  Roach x3  
  66  6:07  Roach x2  
  66  6:09  Roach  
  69  6:12  Roach  
  69  6:19  Roach  
  69  6:24  Hatchery  
  71  6:36  Drone x2  
Show
View Real Time Build Order
Export as new Build Order

PiG Zerg 

Build Orders: Hatch First, Zergling Baneling 

Get SALT Encoding   

  12  0:00  Drone  
  13  0:12  Overlord  
  13  0:17  Drone  
  14  0:30  Drone x2  
  14  0:34  Drone  
  17  0:51  Hatchery  
  17  0:54  Drone  
  17  0:57  Drone  
  18  1:05  Extractor  
  17  1:11  Spawning Pool  
  17  1:14  Drone  
  17  1:18  Drone  
  18  1:27  Drone  
  19  1:38  Overlord  
  19  1:51  Drone  
  20  2:01  Queen  
  20  2:02  Zergling x2  
  20  2:04  Zergling x2, Queen  
  26  2:10  Baneling Nest  
  26  2:14  Zergling x2  
  26  2:25  Drone x2  
  26  2:27  Metabolic Boost  
  26  2:29  Drone  
  29  2:34  Drone  
  30  2:39  Overlord  
  30  2:43  Drone  
  31  2:56  Drone  
  32  3:01  Baneling  
  32  3:04  Hatchery, Queen  
  33  3:10  Zergling x2  
  33  3:11  Zergling x4  
  36  3:14  Baneling x2  
  36  3:18  Zergling x4  
  38  3:22  Overlord  
  38  3:27  Baneling  
  38  3:30  Zergling x6  
  41  3:40  Baneling x2  
  40  3:43  Drone  
  40  3:44  Drone x2  
  43  3:52  Drone  
  44  4:04  Drone  
  44  4:05  Drone x2  
  46  4:10  Zergling x4  
  46  4:19  Overlord  
  46  4:23  Zergling x14  
  51  4:33  Drone  
  51  4:34  Drone x2, Roach Warren  
  51  4:39  Drone  
  51  4:50  Extractor  
  51  4:51  Drone x4  
  51  4:52  Drone  
  54  4:58  Zergling x4  
  54  4:59  Baneling x2  
  55  5:04  Overlord x2  
  55  5:05  Overlord x2  
  55  5:09  Baneling x3  
  55  5:15  Roach  
  57  5:22  Roach  
  57  5:27  Roach x7  
  57  5:28  Roach  
  72  5:32  Roach  
  72  5:41  Roach x2  
  74  5:50  Zergling x2, Roach  
  74  5:53  Hatchery  
  59  5:58  Roach x2  
  59  6:00  Roach  
  51  6:06  Roach  
  51  6:10  Zergling x2  
  44  6:15  Roach  
  35  6:22  Zergling x2  
  35  6:23  Zergling x8  
Tags
 
Add a new tag
Caveats
  • Supply blocks, unpowered buildings, or Contaminate may cause inaccurate times.
  • Supply counts are checked every 10 seconds.